 Dungeon Crawl Stone Soup version 0.18-a0-1788-g92de1ac (webtiles) character file.

145 Yawgmoth the Insei (level 5, -8/47 HPs)
             Began as a Draconian Monk on Apr 19, 2016.
             Was a Believer of Trog.
             Killed by nerve-wracking pain
             ... invoked by braks's ghost
              (9 damage)
             ... while paralysed
             ... on level 3 of the Dungeon.
             The game lasted 00:07:55 (1597 turns).

Yawgmoth the Insei (Draconian Monk)                 Turns: 1597, Time: 00:07:56

Health: -8/47      AC:  7    Str: 13    XL:     5   Next: 6%
Magic:  5/5        EV:  2    Int: 11    God:    Trog [**....]
Gold:   99         SH:  0    Dex: 14    Spells: 0 memorised, 4 levels left

rFire  . . .     SeeInvis .       - Unarmed
rCold  . . .     Gourm    .     (armour unavailable)
rNeg   . . .     Faith    .     (no shield)
rPois  .         Spirit   .     e - +2 hat
rElec  .         Dismiss  .     (no cloak)
rCorr  .         Reflect  .     (no gloves)
SustAt .         Harm     .     (no boots)
MR     .....                    (no amulet)
Stlth  ++........               (no ring)
                                (no ring)

@: paralysed, exhausted, slowed, not resistant to hostile enchantments,
unstealthy
A: unfitting armour, cold-blooded, AC +5
a: Berserk, Trog's Hand, Burn Spellbooks, Renounce Religion


You were on level 3 of the Dungeon.
You worshipped Trog.
Trog was pleased with you.
You were hungry.

You visited 1 branch of the dungeon, and saw 3 of its levels.

You collected 99 gold pieces.

Inventory:

Armour
 e - a +2 hat (worn)
   (You found it on level 1 of the Dungeon)
Scrolls
 i - a scroll of noise {unknown}
 j - a scroll of enchant weapon {unknown}
 l - a scroll of identify {unknown}
Potions
 c - a potion of resistance {unknown}
 f - a potion of berserk rage {unknown}
 g - 2 potions of invisibility {unknown}
 h - a potion of curing {unknown}
 k - a potion of lignification {unknown}
Comestibles
 a - a bread ration {@e1}
 b - 3 chunks of flesh {@w0}
 d - a fruit


   Skills:
 + Level 4.6 Fighting
 + Level 3.5 Dodging
 - Level 1.9 Stealth
 + Level 4.9 Unarmed Combat


You had 4 spell levels left.
You didn't know any spells.

Dungeon Overview and Level Annotations

Branches:
Dungeon (3/15)

Altars:
Trog

Annotations:
D:2 exclusion: Sigmund, Sigmund
D:3 braks's ghost, amateur DsNe


Innate Abilities, Weirdness & Mutations

Your plain brown scales are hard (AC +5).
Your body does not fit into most forms of armour.
You are cold-blooded and may be slowed by cold attacks.


Message History

You can now go berserk at will.
You can now call upon Trog for regeneration and protection from hostile enchantments.
You can now call upon Trog to burn spellbooks in your surroundings.
You start resting.
Eating a chunk of flesh {@w0}.
You continue eating. x2
A hobgoblin comes into view.
You regained 12 hp, and now have 42/47 hp.
A hobgoblin is nearby!
The hobgoblin shouts!
There is an open door here.
You hit the hobgoblin.
You kill the hobgoblin!
Trog accepts your kill.
You see here a hobgoblin corpse.
You butcher the hobgoblin corpse.
b - 3 chunks of flesh {@w0} You see here a hobgoblin skeleton.
A giant gecko comes into view.
You closely miss the giant gecko. The giant gecko barely misses you.
You barely miss the giant gecko. You tail-slap the giant gecko.
The giant gecko closely misses you.
You hit the giant gecko. The giant gecko bites you.
You take 2 damage, and have 43/47 hp.
You closely miss the giant gecko.
The giant gecko bites you but does no damage.
You hit the giant gecko.
You kill the giant gecko!
Trog accepts your kill.
No target in view!
There is a stone staircase leading down here.
You climb downwards.
Level annotation: braks's ghost, amateur DsNe
There is a stone staircase leading up here.
A red film seems to cover your vision as you go berserk!
You feel yourself moving faster!
You feel mighty!
You feel somewhat more hungry.
You now have 67/70 hp.
You feel a strong urge to attack something.
You barely miss braks's ghost. Braks's ghost hits you!
You feel yourself slow down.
You take 9 damage, and have 58/70 hp.
You punch braks's ghost!
Your tail-slap misses braks's ghost.
Braks's ghost hits you. Braks's ghost burns you.
You take 5 damage, and have 53/70 hp.
You hit braks's ghost but do no damage.
Braks's ghost gestures at you while chanting.
Pain shoots through your body!
You take 13 damage, and have 40/70 hp.
You are too injured to fight recklessly!
You are too injured to fight recklessly!
You are too injured to fight recklessly!
You are too injured to fight recklessly!
You are too injured to fight recklessly!
You are too injured to fight recklessly!
You punch braks's ghost! You punch braks's ghost!
Braks's ghost casts a spell at you. Pain shoots through your body!
You take 1 damage, and have 39/70 hp.
You hit braks's ghost. Braks's ghost hits you. Braks's ghost burns you.
You take 7 damage, and have 32/70 hp.
You barely miss braks's ghost.
Your tail-slap misses braks's ghost.
Braks's ghost hits you.
You take 3 damage, and have 29/70 hp.
You closely miss braks's ghost.
Braks's ghost lets out a mournful wail.
Braks's ghost barely misses you.
You hit braks's ghost.
Braks's ghost is infused with unholy energy.
* * * LOW HITPOINT WARNING * * *
Braks's ghost draws life force from you and is healed!
You take 9 damage, and have 21/70 hp.
You barely miss braks's ghost. Braks's ghost closely misses you.
You hit braks's ghost.
Your tail-slap misses braks's ghost.
Braks's ghost hits you.
* * * LOW HITPOINT WARNING * * *
Braks's ghost freezes you.
* * * LOW HITPOINT WARNING * * *
You take 2 damage, and have 19/70 hp.
You closely miss braks's ghost.
Braks's ghost points at you and mumbles some strange words.
You barely resist. You closely miss braks's ghost.
Braks's ghost closely misses you.
You hit braks's ghost.
You are no longer berserk.
You pass out from exhaustion.
You feel as though you will be slow longer.
You are feeling hungry.
Braks's ghost hits you.
* * * LOW HITPOINT WARNING * * *
Braks's ghost freezes you.
* * * LOW HITPOINT WARNING * * *
Braks's ghost is infused with unholy energy.
* * * LOW HITPOINT WARNING * * *
Braks's ghost draws life force from you and is healed!
Braks's ghost hits you but does no damage.
Braks's ghost gestures at you while chanting.
Pain shoots through your body!
You die...

#### #.# #.# #.#
##### #..###### #.#
...... .......<#
#.# ########
#..####@# #.#
#.....W.
#W####.####.######
#..####.....W.....#
#......)........###
##.#####.######.#
#.# #.# #.# #.# #.#
#.. #.# ###


You could see braks's ghost.

Vanquished Creatures
  Ijyb (D:2)
  4 adders
  2 oozes
  A worm (D:3)
  2 dart slugs
  4 giant geckos (D:2)
  5 giant cockroaches (D:1)
  5 goblins
  11 hobgoblins
  2 jackals (D:1)
  9 kobolds
  4 ball pythons
  2 bats
  10 giant newts
  5 rats
67 creatures vanquished.

Notes
Turn   | Place    | Note
--------------------------------------------------------------
     0 | D:1      | Yawgmoth the Draconian Monk began the quest for the Orb.
     0 | D:1      | Reached XP level 1. HP: 19/19 MP: 1/1
    81 | D:1      | Reached XP level 2. HP: 26/26 MP: 2/2
   325 | D:1      | Reached XP level 3. HP: 33/33 MP: 3/3
   328 | D:1      | Reached skill level 4 in Fighting
   495 | D:1      | Reached skill level 3 in Dodging
   581 | D:2      | Noticed Ijyb
   615 | D:2      | Killed Ijyb
   615 | D:2      | Reached XP level 4. HP: 30/40 MP: 4/4
   881 | D:2      | Found a bloodstained altar of Trog.
  1139 | D:2      | Noticed Sigmund
  1287 | D:3      | Reached XP level 5. HP: 47/47 MP: 5/5
  1300 | D:3      | Noticed braks's ghost (amateur DsNe)
  1322 | D:3      | HP: 9/47 [braks's ghost/nerve-wracking pain (9)]
  1465 | D:2      | Became a worshipper of Trog the Wrathful
  1465 | D:2      | Reached * piety under Trog
  1465 | D:2      | Reached ** piety under Trog
  1594 | D:3      | HP: 11/47 [braks's ghost (3)]
  1595 | D:3      | HP: 1/47 [braks's ghost/vampiric draining (9)]
  1597 | D:3      | Killed from afar by braks's ghost

Vault maps used:
D:1:      dpeg_arrival_prison, minmay_shallow_snake_nest
D:2:      lightli_temple_of_fire, kennysheep_cross_bottleneck,
          minmay_lizard_king, uniq_iyjb, uniq_crazy_yiuf_cottage, uniq_sigmund

Skill      XL: |  1  2  3 |
---------------+----------+-----
Fighting       | 4 |  4.6
Dodging        | 3 |  3.5
Stealth        | |  1.9
Unarmed Combat | |  4.9

Action                   |  1- 3 |  4- 6 || total
-------------------------+-------+-------++-------
Melee: Unarmed           |   116 |   129 ||   245
       Tailslap          |    15 |     6 ||    21
       Punch             |     1 |     2 ||     3
Invok: Berserk           |       |     1 ||     1
 Stab: Sleeping          |     2 |     2 ||     4
  Eat: Chunk             |       |     3 ||     3
Armor: Skin              |    38 |    42 ||    80
Dodge: Dodged            |    62 |    85 ||   147

Vault maps used:
D:1:      dpeg_arrival_prison, minmay_shallow_snake_nest
D:2:      lightli_temple_of_fire, kennysheep_cross_bottleneck,
          minmay_lizard_king, uniq_iyjb, uniq_crazy_yiuf_cottage, uniq_sigmund

Table legend:
 A = Turns spent in this place as a percentage of turns spent in the entire game.
 B = Non-inter-level travel turns spent in this place as a percentage of non-inter-level travel turns spent in the entire game.
 C = Inter-level travel turns spent in this place as a percentage of turns spent in this place.
 D = Turns resting spent in this place as a percentage of non-inter-level travel turns spent in this place.
 E = Turns spent auto-exploring this place as a percentage of non-inter-level travel turns spent in this place.
 F = Non-inter-level travel turns spent in this place divided by the number of levels of this place that you've seen.
                   A       B       C       D       E      F
               +-------+-------+-------+-------+-------+----------------------
         Total | 100.0 | 100.0 |   0.1 |   0.9 |   5.7 | 282.7
       Dungeon | 100.0 | 100.0 |   0.1 |   0.9 |   5.7 | 282.7
               +-------+-------+-------+-------+-------+----------------------

Table legend:
 A = Kills in this place as a percentage of kills in entire the game.
 B = Kills by you in this place as a percentage of kills by you in the entire game.
 C = Kills by friends in this place as a percentage of kills by friends in the entire game.
 D = Other kills in this place as a percentage of other kills in the entire game.
 E = Experience gained in this place as a percentage of experience gained in the entire game.
 F = Experience gained in this place divided by the number of levels of this place that you have seen.
                   A       B       C       D       E      F
               +-------+-------+-------+-------+-------+----------------------
         Total | 100.0 | 100.0 |  -nan |  -nan | 100.0 |  69.3
       Dungeon | 100.0 | 100.0 |  -nan |  -nan | 100.0 |  69.3
               +-------+-------+-------+-------+-------+----------------------
